Lightning vs Senators

Created - December-15-14 at 17:54

Goals
1 2 3 T
Lightning 1 2 1 4
Senators 2 0 0 2
Shots
1 2 3 T
Lightning 9 11 7 27
Senators 17 14 8 39

1st period

1. Lightning , Patrick Kane 14 (Andrej Sekera, Curtis Glencross) at 4:17
2. Senators , Patrick Sharp 19 (Sidney Crosby, Marc Staal) at 13:33 (PP)
3. Senators , Marc Staal 4 (Joffrey Lupul, Jan Hejda) at 19:20

Penalties :
Marc Staal (OTT) for Cross-checking (Minor) at 0:41, Curtis Glencross (TBL) for Hooking (Minor) at 4:54, David Schlemko (TBL) for Tripping (Minor) at 13:08, Joffrey Lupul (OTT) for Slashing (Minor) at 16:55, Brent Seabrook (TBL) for Hooking (Minor) at 16:55

2nd period

4. Lightning , Cam Atkinson 12 (Henrik Sedin, David Schlemko) at 8:18
5. Lightning , Maxime Talbot 5 (Brent Seabrook, Andrej Sekera) at 14:57

Penalties :
Andrej Meszaros (TBL) for Diving (Minor) at 4:56, Brent Seabrook (TBL) for Roughing (Minor) at 9:12, Jared Cowen (OTT) for Cross-checking (Minor) at 11:14

3rd period

6. Lightning , Maxime Talbot 6 (Andrej Sekera) at 19:59 (Empty Net)

Penalties :
Anton Volchenkov (OTT) for Fighting (Major) at 3:19, Andrej Sekera (TBL) for Fighting (Major) at 3:19, Luca Sbisa (TBL) for Tripping (Minor) at 5:10, Brent Seabrook (TBL) for Checking from behind (Major / Game Misconduct) at 5:25

Goalie Stats

Jaroslav Halak (TBL), 37 saves from 39 shots - (0.949), W, 14-9-0, 60:00 minutes
Robin Lehner (OTT), 23 saves from 26 shots - (0.885), L, 3-3-0, 59:03 minutes

Players Stats for Lightning

Player Name              G  A  P  +/- PIM S  H  SB GA TA FO     MP     PP MP  PK MP  
------------------------------------------------------------------------------------
Andrej Meszaros          0  0  0   0  2   0  2  4  0  0  0/0    19:59   2:03   3:38 
Andrej Sekera            0  3  3   2  5   1  1  0  0  0  0/0    24:48   1:55   5:16 
Brad Richards            0  0  0   1  0   1  1  0  0  0  11/24  21:51   1:55   2:30 
Brent Seabrook           0  1  1   1  19  2  3  0  0  0  0/0    17:48   1:55   2:38 
Cam Atkinson             1  0  1   0  0   3  0  0  0  0  1/1    16:47   1:55   0:50 
Curtis Glencross         0  1  1   1  2   2  4  0  0  0  1/2    20:00   1:53   0:42 
David Schlemko           0  1  1   1  2   0  2  1  0  0  0/0    12:53   0:00   1:44 
Eric Fehr                0  0  0   0  0   0  0  0  0  0  0/0     3:25   0:00   0:00 
Erik Gudbranson          0  0  0   1  0   0  5  3  0  0  0/0    22:05   2:03   3:50 
Henrik Sedin             0  1  1   0  0   2  1  1  0  0  18/36  22:30   2:03   6:25 
Jason Chimera            0  0  0   1  0   0  6  0  0  0  1/1    18:59   2:03   2:18 
Luca Sbisa               0  0  0   0  2   0  1  0  0  0  0/0     7:13   0:00   0:00 
Maxim Lapierre           0  0  0   1  0   0  1  0  0  0  6/7     3:37   0:00   0:00 
Maxime Talbot            2  0  2   2  0   8  1  1  0  0  2/4    20:08   0:00   6:25 
Patrick Kane             1  0  1   1  0   4  0  0  0  0  1/2    20:03   1:55   0:00 
Scott Hannan             0  0  0   1  0   1  0  1  0  0  0/0    15:07   0:00   3:47 
Teddy Purcell            0  0  0   1  0   1  0  1  0  0  1/3     9:24   0:00   0:00 
Tomas Plekanec           0  0  0   1  0   2  1  0  0  0  4/7     9:05   0:10   0:00 

Players Stats for Senators

Player Name              G  A  P  +/- PIM S  H  SB GA TA FO     MP     PP MP  PK MP  
------------------------------------------------------------------------------------
Alec Martinez            0  0  0  -3  0   4  0  1  0  0  0/0    21:52   5:11   0:36 
Anton Volchenkov         0  0  0  -2  5   0  0  1  0  0  0/0    15:07   0:00   1:28 
Chris Neil               0  0  0   0  0   1  3  0  0  0  0/1     6:38   0:00   0:00 
Dave Bolland             0  0  0   0  0   0  0  0  0  0  1/2     1:07   0:00   1:05 
Eric Staal               0  0  0  -1  0   5  3  1  0  0  14/24  24:38   6:27   1:46 
Erik Gustafsson          0  0  0   0  0   1  0  0  0  0  0/0     6:25   5:16   0:00 
Gustav Nyquist           0  0  0  -3  0   6  1  0  0  0  5/14   26:35   4:00   0:00 
Jan Hejda                0  1  1   0  0   3  0  3  0  0  0/0    19:30   0:00   2:24 
Jared Cowen              0  0  0   0  2   1  3  0  0  0  0/0    17:54   5:16   0:34 
Joffrey Lupul            0  1  1  -2  2   0  3  0  0  0  0/0    21:29   2:15   0:26 
Marc Staal               1  1  2  -1  2   1  2  0  0  0  0/0    24:31   5:11   0:30 
Mark Stone               0  0  0  -1  0   0  0  1  0  0  0/1    11:52   0:00   0:00 
Martin St. Louis         0  0  0   0  0   5  3  0  0  0  0/0    18:59   6:27   0:00 
Patrick Sharp            1  0  1   0  0   5  2  0  0  0  7/16   26:10   7:10   0:57 
Pavel Datsyuk            0  0  0  -1  0   3  0  0  0  0  0/3    15:59   0:20   1:04 
Ron Hainsey              0  0  0   0  0   0  0  2  0  0  0/0    14:38   0:00   2:24 
Sidney Crosby            0  1  1  -1  0   4  0  0  0  0  14/26  17:57   4:42   0:00 
Travis Moen              0  0  0   0  0   0  0  0  0  0  0/0     2:38   0:00   2:38 

3 Stars

1 - Maxime Talbot (TBL)
2 - Jaroslav Halak (TBL)
3 - Patrick Kane (TBL)

Power Play

Lightning - 0 on 2 Attempt(s) - 0.00%
Senators - 1 on 6 Attempt(s) - 16.67%

Penalty Kill

Lightning - 5 on 6 Attempt(s) - 83.33% - Score 0 goal in Penalty Kill
Senators - 2 on 2 Attempt(s) - 100.00% - Score 0 goal in Penalty Kill

Team Stat

Lightning - Hits : 29 - Faceoff Wins : 46 - Blocked Shots : 12 - Penalty Minutes : 32
Senators - Hits : 20 - Faceoff Wins : 41 - Blocked Shots : 9 - Penalty Minutes : 11

Official

Referees : Dan O'Rourke and Kelly Sutherland
Linesman : Bryan Pancich and Greg Devorski

Game Notes

Dave Bolland is injured at 3:21 of 1st period (Sprained Left Knee)
Anton Volchenkov beats up Andrej Sekera at 3:19 of 3rd period
Brent Seabrook ejected from game at 5:25 of 3rd period
Maxime Talbot has scored in a empty net!

Finance

Level 1 -- Attendance: 6044 (92.98%) -- Ticket Income $604,400
Level 2 -- Attendance: 4700 (94.00%) -- Ticket Income $282,000
Level 3 -- Attendance: 3500 (100.00%) -- Ticket Income $122,500
Level 4 -- Attendance: 2954 (93.69%) -- Ticket Income $88,620
Luxury Box -- Attendance: 641 (64.10%) -- Ticket Income $160,250
Game was played at the Canadian Tire Centre'
Total Attendance: 17839 (93.14%)
Total Ticket Income: $1,257,770
Other Income: $188,666
Total Income: $1,446,436

% Time on Ice - Lightning

Lines # - Real PCT - Wanted PCT - Time Play
Normal Forward
1 - 41% - 40% - 17:26
2 - 33% - 30% - 14:02
3 - 20% - 20% - 8:31
4 - 7% - 10% - 3:01
Normal Defense
1 - 41% - 40% - 17:40
2 - 22% - 30% - 9:33
3 - 24% - 20% - 10:27
4 - 12% - 10% - 5:20
PP Forward
1 - 48% - 60% - 1:55
2 - 52% - 40% - 2:03
PP Defense
1 - 48% - 60% - 1:55
2 - 52% - 40% - 2:03
PK Forward
1 - 74% - 60% - 6:25
2 - 26% - 40% - 2:18
PK Defense
1 - 71% - 60% - 6:09
2 - 29% - 40% - 2:34
PK3 Forward
1 - 88% - 60% - 1:32
2 - 12% - 40% - 0:12
PK3 Defense
1 - 100% - 60% - 1:44
2 - 0% - 40% - 0:00
44 Forward
1 - 80% - 60% - 1:35
2 - 20% - 40% - 0:24
44 Defense
1 - 100% - 60% - 1:59
2 - 0% - 40% - 0:00
Last Minute Offensive  - 0:00
Last Minute Defensive  - 0:36
Total
Forward - 60:00
Defense - 60:00

% Time on Ice - Senators

Lines # - Real PCT - Wanted PCT - Time Play
Normal Forward
1 - 27% - 40% - 11:49
2 - 29% - 30% - 12:41
3 - 28% - 20% - 11:52
4 - 15% - 10% - 6:38
Normal Defense
1 - 40% - 38% - 17:06
2 - 34% - 32% - 14:39
3 - 20% - 20% - 8:48
4 - 6% - 10% - 2:27
PP Forward
1 - 38% - 50% - 4:00
2 - 62% - 50% - 6:27
PP Defense
1 - 50% - 50% - 5:11
2 - 50% - 50% - 5:16
PK Forward
1 - 73% - 50% - 2:54
2 - 27% - 50% - 1:04
PK Defense
1 - 61% - 50% - 2:24
2 - 39% - 50% - 1:34
PK3 Forward
1 - 0% - 50%
2 - 0% - 50%
PK3 Defense
1 - 0% - 50%
2 - 0% - 50%
44 Forward
1 - 58% - 52% - 1:09
2 - 42% - 48% - 0:50
44 Defense
1 - 58% - 52% - 1:09
2 - 42% - 48% - 0:50
Last Minute Offensive  - 0:36
Last Minute Defensive  - 0:00
Total
Forward - 60:00
Defense - 60:00

Play by Play

1st period


0:01 of 1st period - Brad Richards wins face-off versus Gustav Nyquist in neutral zone.
0:01 of 1st period - Brad Richards is hit by Martin St. Louis.
0:28 of 1st period - Shot by Curtis Glencross.
0:28 of 1st period - Shot Misses the Net.
0:30 of 1st period - Shot by Brad Richards.
0:30 of 1st period - Shot Misses the Net.
0:41 of 1st period - Minor Penalty to Marc Staal for Cross-checking.
0:42 of 1st period - Henrik Sedin wins face-off versus Dave Bolland in Senators zone.
1:58 of 1st period - Andrej Sekera is hit by Jared Cowen and loses puck.
2:17 of 1st period - Dave Bolland is hit by Brent Seabrook and loses puck.
2:50 of 1st period - Shot by Maxime Talbot.
2:50 of 1st period - Stopped by Robin Lehner without a rebound.
2:51 of 1st period - Sidney Crosby wins face-off versus Tomas Plekanec in Senators zone.
3:01 of 1st period - Icing by Anton Volchenkov.
3:02 of 1st period - Maxime Talbot wins face-off versus Sidney Crosby in Senators zone.
3:05 of 1st period - Shot by Teddy Purcell.
3:05 of 1st period - Stopped by Robin Lehner without a rebound.
3:06 of 1st period - Teddy Purcell wins face-off versus Eric Staal in Senators zone.
3:11 of 1st period - Shot by Tomas Plekanec.
3:11 of 1st period - Stopped by Robin Lehner with a rebound.
3:17 of 1st period - Shot by Scott Hannan.
3:17 of 1st period - Shot Misses the Net.
3:19 of 1st period - Shot by Scott Hannan.
3:19 of 1st period - Stopped by Robin Lehner without a rebound.
3:20 of 1st period - Dave Bolland wins face-off versus Henrik Sedin in Senators zone.
3:20 of 1st period - Dave Bolland is hit by Jason Chimera.
3:21 of 1st period - Dave Bolland from Senators is injured at 3:21 of 1st period (Sprained Left Knee).
3:22 of 1st period - Eric Staal wins face-off versus Henrik Sedin in Senators zone.
4:04 of 1st period - Shot by Pavel Datsyuk.
4:04 of 1st period - Shot Blocked by Henrik Sedin.
4:06 of 1st period - Shot by Alec Martinez.
4:06 of 1st period - Stopped by Jaroslav Halak without a rebound.
4:07 of 1st period - Brad Richards wins face-off versus Gustav Nyquist in Lightning zone.
4:17 of 1st period - Shot by Patrick Kane.
4:17 of 1st period - Goal by Patrick Kane - Lightning : 1 - Senators : 0.
4:18 of 1st period - Sidney Crosby wins face-off versus Teddy Purcell in neutral zone.
4:23 of 1st period - Shot by Gustav Nyquist.
4:23 of 1st period - Deflect By Sidney Crosby.
4:23 of 1st period - Shot Misses the Net.
4:25 of 1st period - Shot by Gustav Nyquist.
4:25 of 1st period - Shot Misses the Net.
4:33 of 1st period - Shot by Martin St. Louis.
4:33 of 1st period - Shot Misses the Net.
4:35 of 1st period - Shot by Jan Hejda.
4:35 of 1st period - Stopped by Jaroslav Halak without a rebound.
4:36 of 1st period - Gustav Nyquist wins face-off versus Brad Richards in Lightning zone.
4:54 of 1st period - Minor Penalty to Curtis Glencross for Hooking.
4:55 of 1st period - Henrik Sedin wins face-off versus Patrick Sharp in Lightning zone.
5:06 of 1st period - Shot by Martin St. Louis.
5:06 of 1st period - Stopped by Jaroslav Halak without a rebound.
5:07 of 1st period - Sidney Crosby wins face-off versus Maxime Talbot in Lightning zone.
6:06 of 1st period - Icing by Pavel Datsyuk.
6:07 of 1st period - Henrik Sedin wins face-off versus Pavel Datsyuk in Senators zone.
6:17 of 1st period - Off-side.
6:18 of 1st period - Jason Chimera wins face-off versus Patrick Sharp in neutral zone.
6:33 of 1st period - Shot by Alec Martinez.
6:33 of 1st period - Shot Blocked by Erik Gudbranson.
6:35 of 1st period - Shot by Patrick Sharp.
6:35 of 1st period - Deflect By Martin St. Louis.
6:35 of 1st period - Stopped by Jaroslav Halak without a rebound.
6:36 of 1st period - Henrik Sedin wins face-off versus Sidney Crosby in Lightning zone.
6:45 of 1st period - Shot by Gustav Nyquist.
6:45 of 1st period - Stopped by Jaroslav Halak with a rebound.
6:47 of 1st period - Shot by Sidney Crosby.
6:47 of 1st period - Stopped by Jaroslav Halak without a rebound.
6:48 of 1st period - Henrik Sedin wins face-off versus Patrick Sharp in Lightning zone.
6:48 of 1st period - Henrik Sedin is hit by Eric Staal.
7:13 of 1st period - Marc Staal is hit by Erik Gudbranson and loses puck.
7:52 of 1st period - Shot by Patrick Sharp.
7:52 of 1st period - Stopped by Jaroslav Halak without a rebound.
7:53 of 1st period - Cam Atkinson wins face-off versus Eric Staal in Lightning zone.
8:21 of 1st period - Shot by Patrick Sharp.
8:21 of 1st period - Stopped by Jaroslav Halak without a rebound.
8:22 of 1st period - Maxime Talbot wins face-off versus Chris Neil in Lightning zone.
8:37 of 1st period - Tomas Plekanec is hit by Chris Neil and loses puck.
8:41 of 1st period - Scott Hannan is hit by Chris Neil and loses puck.
8:48 of 1st period - Shot by Tomas Plekanec.
8:48 of 1st period - Shot Misses the Net.
8:50 of 1st period - Shot by Tomas Plekanec.
8:50 of 1st period - Stopped by Robin Lehner without a rebound.
8:51 of 1st period - Henrik Sedin wins face-off versus Patrick Sharp in Senators zone.
8:55 of 1st period - Icing by Marc Staal.
8:56 of 1st period - Patrick Kane wins face-off versus Eric Staal in Senators zone.
9:03 of 1st period - Shot by Pavel Datsyuk.
9:03 of 1st period - Stopped by Jaroslav Halak without a rebound.
9:04 of 1st period - Eric Staal wins face-off versus Henrik Sedin in Lightning zone.
9:42 of 1st period - Shot by Henrik Sedin.
9:42 of 1st period - Deflect By Cam Atkinson.
9:42 of 1st period - Stopped by Robin Lehner without a rebound.
9:43 of 1st period - Sidney Crosby wins face-off versus Brad Richards in Senators zone.
9:43 of 1st period - Sidney Crosby is hit by Curtis Glencross.
9:48 of 1st period - Martin St. Louis is hit by Brad Richards.
10:22 of 1st period - Icing by Martin St. Louis.
10:23 of 1st period - Maxim Lapierre wins face-off versus Sidney Crosby in Senators zone.
10:27 of 1st period - Icing by Jan Hejda.
10:28 of 1st period - Henrik Sedin wins face-off versus Sidney Crosby in Senators zone.
12:15 of 1st period - Shot by Patrick Kane.
12:15 of 1st period - Stopped by Robin Lehner without a rebound.
12:16 of 1st period - Tomas Plekanec wins face-off versus Eric Staal in Senators zone.
13:05 of 1st period - Shot by Joffrey Lupul.
13:05 of 1st period - Shot Misses the Net.
13:08 of 1st period - Minor Penalty to David Schlemko for Tripping.
13:09 of 1st period - Sidney Crosby wins face-off versus Henrik Sedin in Lightning zone.
13:09 of 1st period - Sidney Crosby is hit by Brent Seabrook.
13:13 of 1st period - Shot by Jared Cowen.
13:13 of 1st period - Stopped by Jaroslav Halak without a rebound.
13:14 of 1st period - Sidney Crosby wins face-off versus Henrik Sedin in Lightning zone.
13:19 of 1st period - Shot by Gustav Nyquist.
13:19 of 1st period - Stopped by Jaroslav Halak without a rebound.
13:20 of 1st period - Henrik Sedin wins face-off versus Sidney Crosby in Lightning zone.
13:31 of 1st period - Shot by Sidney Crosby.
13:31 of 1st period - Stopped by Jaroslav Halak with a rebound.
13:33 of 1st period - Shot by Patrick Sharp.
13:33 of 1st period - Goal by Patrick Sharp - Lightning : 1 - Senators : 1.
13:34 of 1st period - Brad Richards wins face-off versus Gustav Nyquist in neutral zone.
13:38 of 1st period - Brent Seabrook is hit by Chris Neil and loses puck.
14:02 of 1st period - Patrick Kane is hit by Jared Cowen and loses puck.
14:30 of 1st period - Icing by Ron Hainsey.
14:31 of 1st period - Gustav Nyquist wins face-off versus Henrik Sedin in Senators zone.
14:31 of 1st period - Ron Hainsey is hit by Jason Chimera and loses puck.
14:51 of 1st period - Shot by Pavel Datsyuk.
14:51 of 1st period - Shot Misses the Net.
14:53 of 1st period - Shot by Anton Volchenkov.
14:53 of 1st period - Shot Misses the Net.
14:58 of 1st period - Eric Staal is hit by Erik Gudbranson and loses puck.
15:05 of 1st period - Shot by Pavel Datsyuk.
15:05 of 1st period - Shot Misses the Net.
15:17 of 1st period - Shot by Eric Staal.
15:17 of 1st period - Deflect By Patrick Sharp.
15:17 of 1st period - Shot Misses the Net.
15:19 of 1st period - Shot by Pavel Datsyuk.
15:19 of 1st period - Shot Misses the Net.
15:55 of 1st period - Shot by Eric Staal.
15:55 of 1st period - Stopped by Jaroslav Halak without a rebound.
15:56 of 1st period - Sidney Crosby wins face-off versus Brad Richards in Lightning zone.
16:18 of 1st period - Shot by Brad Richards.
16:18 of 1st period - Shot Misses the Net.
16:55 of 1st period - Minor Penalty to Joffrey Lupul for Slashing.
16:55 of 1st period - Minor Penalty to Brent Seabrook for Hooking.
16:56 of 1st period - Eric Staal wins face-off versus Teddy Purcell in Lightning zone.
16:56 of 1st period - Martin St. Louis is hit by Luca Sbisa.
17:02 of 1st period - Shot by Eric Staal.
17:02 of 1st period - Shot Blocked by Teddy Purcell.
17:44 of 1st period - Shot by Sidney Crosby.
17:44 of 1st period - Shot Misses the Net.
17:48 of 1st period - Shot by Sidney Crosby.
17:48 of 1st period - Deflect By Gustav Nyquist.
17:48 of 1st period - Stopped by Jaroslav Halak without a rebound.
17:49 of 1st period - Eric Staal wins face-off versus Patrick Kane in Lightning zone.
18:42 of 1st period - Shot by Sidney Crosby.
18:42 of 1st period - Shot Blocked by David Schlemko.
19:16 of 1st period - Shot by Jan Hejda.
19:16 of 1st period - Stopped by Jaroslav Halak with a rebound.
19:20 of 1st period - Shot by Marc Staal.
19:20 of 1st period - Goal by Marc Staal - Lightning : 1 - Senators : 2.
19:21 of 1st period - Brad Richards wins face-off versus Pavel Datsyuk in neutral zone.
19:21 of 1st period - Patrick Kane is hit by Joffrey Lupul and loses puck.
19:27 of 1st period - Shot by Brad Richards.
19:27 of 1st period - Stopped by Robin Lehner without a rebound.
19:28 of 1st period - Patrick Sharp wins face-off versus Henrik Sedin in Senators zone.
Goals for this period are 1 for Lightning vs 2 for Senators.
Shots for this period are 9 for Lightning vs 17 for Senators.

2nd period


0:01 of 2nd period - Gustav Nyquist wins face-off versus Brad Richards in neutral zone.
0:33 of 2nd period - Shot by Martin St. Louis.
0:33 of 2nd period - Shot Blocked by Andrej Meszaros.
0:35 of 2nd period - Shot by Martin St. Louis.
0:35 of 2nd period - Stopped by Jaroslav Halak without a rebound.
0:36 of 2nd period - Tomas Plekanec wins face-off versus Eric Staal in Lightning zone.
0:51 of 2nd period - Icing by Anton Volchenkov.
0:52 of 2nd period - Eric Staal wins face-off versus Henrik Sedin in Senators zone.
0:52 of 2nd period - Eric Staal is hit by Jason Chimera.
0:57 of 2nd period - Pavel Datsyuk is hit by Jason Chimera and loses puck.
1:13 of 2nd period - Pavel Datsyuk is hit by David Schlemko and loses puck.
1:28 of 2nd period - Shot by Pavel Datsyuk.
1:28 of 2nd period - Shot Misses the Net.
2:03 of 2nd period - Jan Hejda is hit by Curtis Glencross and loses puck.
2:15 of 2nd period - Off-side.
2:16 of 2nd period - Tomas Plekanec wins face-off versus Gustav Nyquist in neutral zone.
2:30 of 2nd period - Ron Hainsey is hit by Tomas Plekanec and loses puck.
3:33 of 2nd period - Shot by Henrik Sedin.
3:33 of 2nd period - Stopped by Robin Lehner without a rebound.
3:34 of 2nd period - Eric Staal wins face-off versus Brad Richards in Senators zone.
3:48 of 2nd period - Pavel Datsyuk is hit by David Schlemko and loses puck.
3:53 of 2nd period - Shot by Eric Staal.
3:53 of 2nd period - Stopped by Jaroslav Halak without a rebound.
3:54 of 2nd period - Eric Staal wins face-off versus Maxim Lapierre in Lightning zone.
3:55 of 2nd period - Shot by Pavel Datsyuk.
3:55 of 2nd period - Stopped by Jaroslav Halak without a rebound.
3:56 of 2nd period - Brad Richards wins face-off versus Eric Staal in Lightning zone.
4:01 of 2nd period - Shot by Patrick Kane.
4:01 of 2nd period - Shot Misses the Net.
4:13 of 2nd period - Shot by Patrick Sharp.
4:13 of 2nd period - Shot Misses the Net.
4:15 of 2nd period - Shot by Patrick Sharp.
4:15 of 2nd period - Shot Misses the Net.
4:19 of 2nd period - Shot by Eric Staal.
4:19 of 2nd period - Stopped by Jaroslav Halak without a rebound.
4:20 of 2nd period - Maxim Lapierre wins face-off versus Patrick Sharp in Lightning zone.
4:56 of 2nd period - Minor Penalty to Andrej Meszaros for Diving.
4:57 of 2nd period - Henrik Sedin wins face-off versus Patrick Sharp in Lightning zone.
5:09 of 2nd period - Brent Seabrook is hit by Eric Staal.
5:51 of 2nd period - Shot by Alec Martinez.
5:51 of 2nd period - Stopped by Jaroslav Halak without a rebound.
5:52 of 2nd period - Henrik Sedin wins face-off versus Sidney Crosby in Lightning zone.
6:07 of 2nd period - Shot by Gustav Nyquist.
6:07 of 2nd period - Stopped by Jaroslav Halak without a rebound.
6:08 of 2nd period - Henrik Sedin wins face-off versus Sidney Crosby in Lightning zone.
6:25 of 2nd period - Shot by Eric Staal.
6:25 of 2nd period - Shot Blocked by Erik Gudbranson.
7:21 of 2nd period - Shot by Mark Stone.
7:21 of 2nd period - Shot Misses the Net.
7:27 of 2nd period - Shot by Curtis Glencross.
7:27 of 2nd period - Shot Blocked by Jan Hejda.
7:29 of 2nd period - Shot by Patrick Kane.
7:29 of 2nd period - Shot Misses the Net.
7:31 of 2nd period - Shot by Andrej Sekera.
7:31 of 2nd period - Shot Misses the Net.
7:33 of 2nd period - Shot by Andrej Sekera.
7:33 of 2nd period - Stopped by Robin Lehner without a rebound.
7:34 of 2nd period - Henrik Sedin wins face-off versus Eric Staal in Senators zone.
7:39 of 2nd period - Shot by Henrik Sedin.
7:39 of 2nd period - Shot Misses the Net.
7:41 of 2nd period - Shot by Cam Atkinson.
7:41 of 2nd period - Stopped by Robin Lehner without a rebound.
7:42 of 2nd period - Eric Staal wins face-off versus Henrik Sedin in Senators zone.
7:42 of 2nd period - Eric Staal is hit by Henrik Sedin.
8:18 of 2nd period - Shot by Henrik Sedin.
8:18 of 2nd period - Deflect By Cam Atkinson.
8:18 of 2nd period - Goal by Cam Atkinson - Lightning : 2 - Senators : 2.
8:19 of 2nd period - Brad Richards wins face-off versus Sidney Crosby in neutral zone.
8:40 of 2nd period - Shot by Martin St. Louis.
8:40 of 2nd period - Stopped by Jaroslav Halak with a rebound.
8:46 of 2nd period - Shot by Sidney Crosby.
8:46 of 2nd period - Stopped by Jaroslav Halak without a rebound.
8:47 of 2nd period - Tomas Plekanec wins face-off versus Gustav Nyquist in Lightning zone.
9:01 of 2nd period - Icing by Ron Hainsey.
9:02 of 2nd period - Gustav Nyquist wins face-off versus Brad Richards in Senators zone.
9:02 of 2nd period - Gustav Nyquist is hit by Curtis Glencross.
9:11 of 2nd period - Jared Cowen is hit by Brent Seabrook and loses puck.
9:12 of 2nd period - Minor Penalty to Brent Seabrook for Roughing.
9:13 of 2nd period - Patrick Sharp wins face-off versus Henrik Sedin in Lightning zone.
9:14 of 2nd period - Shot by Martin St. Louis.
9:14 of 2nd period - Shot Misses the Net.
9:50 of 2nd period - Shot by Alec Martinez.
9:50 of 2nd period - Shot Misses the Net.
9:52 of 2nd period - Shot by Alec Martinez.
9:52 of 2nd period - Shot Misses the Net.
9:54 of 2nd period - Shot by Alec Martinez.
9:54 of 2nd period - Stopped by Jaroslav Halak without a rebound.
9:55 of 2nd period - Sidney Crosby wins face-off versus Brad Richards in Lightning zone.
9:56 of 2nd period - Shot by Gustav Nyquist.
9:56 of 2nd period - Stopped by Jaroslav Halak without a rebound.
9:57 of 2nd period - Sidney Crosby wins face-off versus Henrik Sedin in Lightning zone.
9:58 of 2nd period - Shot by Erik Gustafsson.
9:58 of 2nd period - Stopped by Jaroslav Halak without a rebound.
9:59 of 2nd period - Sidney Crosby wins face-off versus Henrik Sedin in Lightning zone.
10:16 of 2nd period - Shot by Patrick Sharp.
10:16 of 2nd period - Stopped by Jaroslav Halak without a rebound.
10:17 of 2nd period - Henrik Sedin wins face-off versus Patrick Sharp in Lightning zone.
10:26 of 2nd period - Shot by Alec Martinez.
10:26 of 2nd period - Shot Blocked by Andrej Meszaros.
10:44 of 2nd period - Shot by Martin St. Louis.
10:44 of 2nd period - Shot Misses the Net.
10:51 of 2nd period - Icing by Patrick Sharp.
10:52 of 2nd period - Henrik Sedin wins face-off versus Patrick Sharp in Senators zone.
11:02 of 2nd period - Shot by Maxime Talbot.
11:02 of 2nd period - Stopped by Robin Lehner with a rebound.
11:14 of 2nd period - Shot by Maxime Talbot.
11:14 of 2nd period - Stopped by Robin Lehner without a rebound.
11:14 of 2nd period - Minor Penalty to Jared Cowen for Cross-checking.
11:15 of 2nd period - Eric Staal wins face-off versus Brad Richards in Senators zone.
11:26 of 2nd period - Shot by Andrej Sekera.
11:26 of 2nd period - Shot Misses the Net.
11:32 of 2nd period - Shot by Brad Richards.
11:32 of 2nd period - Deflect By Patrick Kane.
11:32 of 2nd period - Stopped by Robin Lehner with a rebound.
11:34 of 2nd period - Shot by Brad Richards.
11:34 of 2nd period - Shot Misses the Net.
11:36 of 2nd period - Shot by Brent Seabrook.
11:36 of 2nd period - Stopped by Robin Lehner with a rebound.
12:22 of 2nd period - Shot by Henrik Sedin.
12:22 of 2nd period - Stopped by Robin Lehner without a rebound.
12:23 of 2nd period - Patrick Sharp wins face-off versus Henrik Sedin in Senators zone.
13:06 of 2nd period - Shot by Brad Richards.
13:06 of 2nd period - Shot Blocked by Jan Hejda.
13:08 of 2nd period - Shot by Brent Seabrook.
13:08 of 2nd period - Stopped by Robin Lehner with a rebound.
13:10 of 2nd period - Shot by Andrej Sekera.
13:10 of 2nd period - Shot Blocked by Ron Hainsey.
13:40 of 2nd period - Shot by Martin St. Louis.
13:40 of 2nd period - Stopped by Jaroslav Halak without a rebound.
13:41 of 2nd period - Maxim Lapierre wins face-off versus Gustav Nyquist in Lightning zone.
13:41 of 2nd period - Maxim Lapierre is hit by Joffrey Lupul.
13:46 of 2nd period - Off-side.
13:47 of 2nd period - Brad Richards wins face-off versus Gustav Nyquist in neutral zone.
14:10 of 2nd period - Alec Martinez is hit by Curtis Glencross and loses puck.
14:57 of 2nd period - Shot by Maxime Talbot.
14:57 of 2nd period - Goal by Maxime Talbot - Lightning : 3 - Senators : 2.
14:58 of 2nd period - Eric Staal wins face-off versus Henrik Sedin in neutral zone.
15:29 of 2nd period - Shot by Pavel Datsyuk.
15:29 of 2nd period - Deflect By Patrick Sharp.
15:29 of 2nd period - Shot Misses the Net.
15:31 of 2nd period - Shot by Jan Hejda.
15:31 of 2nd period - Stopped by Jaroslav Halak without a rebound.
15:32 of 2nd period - Patrick Sharp wins face-off versus Tomas Plekanec in Lightning zone.
17:14 of 2nd period - Icing by Erik Gudbranson.
17:15 of 2nd period - Eric Staal wins face-off versus Brad Richards in Lightning zone.
17:15 of 2nd period - Eric Staal is hit by Erik Gudbranson.
18:08 of 2nd period - Shot by Henrik Sedin.
18:08 of 2nd period - Shot Blocked by Ron Hainsey.
18:58 of 2nd period - Off-side.
18:59 of 2nd period - Sidney Crosby wins face-off versus Brad Richards in neutral zone.
Goals for this period are 2 for Lightning vs 0 for Senators.
Shots for this period are 11 for Lightning vs 14 for Senators.

3rd period


0:01 of 3rd period - Sidney Crosby wins face-off versus Brad Richards in neutral zone.
0:09 of 3rd period - Patrick Kane is hit by Marc Staal and loses puck.
0:20 of 3rd period - Shot by Curtis Glencross.
0:20 of 3rd period - Stopped by Robin Lehner without a rebound.
0:21 of 3rd period - Henrik Sedin wins face-off versus Eric Staal in Senators zone.
1:18 of 3rd period - Icing by Brent Seabrook.
1:19 of 3rd period - Henrik Sedin wins face-off versus Sidney Crosby in Lightning zone.
1:21 of 3rd period - Brent Seabrook is hit by Gustav Nyquist and loses puck.
1:42 of 3rd period - Shot by Curtis Glencross.
1:42 of 3rd period - Stopped by Robin Lehner without a rebound.
1:43 of 3rd period - Maxim Lapierre wins face-off versus Mark Stone in Senators zone.
1:54 of 3rd period - Shot by Maxime Talbot.
1:54 of 3rd period - Shot Misses the Net.
1:56 of 3rd period - Shot by Maxime Talbot.
1:56 of 3rd period - Stopped by Robin Lehner without a rebound.
1:57 of 3rd period - Brad Richards wins face-off versus Gustav Nyquist in Senators zone.
2:04 of 3rd period - Shot by Patrick Kane.
2:04 of 3rd period - Shot Misses the Net.
2:06 of 3rd period - Shot by Erik Gudbranson.
2:06 of 3rd period - Shot Misses the Net.
2:22 of 3rd period - Shot by Patrick Kane.
2:22 of 3rd period - Stopped by Robin Lehner with a rebound.
3:05 of 3rd period - Anton Volchenkov is hit by Maxime Talbot and loses puck.
3:19 of 3rd period - Anton Volchenkov beats up Andrej Sekera.
3:19 of 3rd period - Penalty to Anton Volchenkov for Fighting.
3:19 of 3rd period - Penalty to Andrej Sekera for Fighting.
3:20 of 3rd period - Eric Staal wins face-off versus Henrik Sedin in Senators zone.
3:20 of 3rd period - Eric Staal is hit by Jason Chimera.
3:30 of 3rd period - Shot by Pavel Datsyuk.
3:30 of 3rd period - Stopped by Jaroslav Halak without a rebound.
3:31 of 3rd period - Eric Staal wins face-off versus Henrik Sedin in Lightning zone.
4:04 of 3rd period - Shot by Patrick Sharp.
4:04 of 3rd period - Stopped by Jaroslav Halak without a rebound.
4:05 of 3rd period - Gustav Nyquist wins face-off versus Brad Richards in Lightning zone.
4:54 of 3rd period - Andrej Meszaros is hit by Jared Cowen and loses puck.
5:10 of 3rd period - Minor Penalty to Luca Sbisa for Tripping.
5:11 of 3rd period - Patrick Sharp wins face-off versus Henrik Sedin in Lightning zone.
5:25 of 3rd period - Major / Game Misconduct Penalty to Brent Seabrook for Checking from behind.
5:25 of 3rd period - Brent Seabrook is ejected from game.
5:26 of 3rd period - Curtis Glencross wins face-off versus Patrick Sharp in Lightning zone.
5:26 of 3rd period - Curtis Glencross is hit by Eric Staal.
5:45 of 3rd period - Curtis Glencross is hit by Marc Staal and loses puck.
5:52 of 3rd period - David Schlemko is hit by Patrick Sharp and loses puck.
7:21 of 3rd period - Shot by Joffrey Lupul.
7:21 of 3rd period - Shot Blocked by Andrej Meszaros.
7:23 of 3rd period - Shot by Alec Martinez.
7:23 of 3rd period - Stopped by Jaroslav Halak without a rebound.
7:24 of 3rd period - Maxim Lapierre wins face-off versus Pavel Datsyuk in Lightning zone.
7:42 of 3rd period - Shot by Joffrey Lupul.
7:42 of 3rd period - Shot Blocked by Maxime Talbot.
7:44 of 3rd period - Shot by Jan Hejda.
7:44 of 3rd period - Shot Misses the Net.
7:46 of 3rd period - Shot by Joffrey Lupul.
7:46 of 3rd period - Shot Blocked by Andrej Meszaros.
7:48 of 3rd period - Shot by Pavel Datsyuk.
7:48 of 3rd period - Deflect By Chris Neil.
7:48 of 3rd period - Stopped by Jaroslav Halak without a rebound.
7:49 of 3rd period - Brad Richards wins face-off versus Sidney Crosby in Lightning zone.
8:07 of 3rd period - Shot by Sidney Crosby.
8:07 of 3rd period - Stopped by Jaroslav Halak without a rebound.
8:08 of 3rd period - Henrik Sedin wins face-off versus Eric Staal in Lightning zone.
8:23 of 3rd period - Andrej Sekera is hit by Martin St. Louis and loses puck.
8:40 of 3rd period - Andrej Sekera is hit by Patrick Sharp and loses puck.
9:16 of 3rd period - Scott Hannan is hit by Joffrey Lupul.
10:01 of 3rd period - Icing by Martin St. Louis.
10:02 of 3rd period - Patrick Sharp wins face-off versus Brad Richards in Senators zone.
10:25 of 3rd period - Icing by Andrej Meszaros.
10:26 of 3rd period - Brad Richards wins face-off versus Gustav Nyquist in Lightning zone.
11:27 of 3rd period - Shot by Maxime Talbot.
11:27 of 3rd period - Shot Blocked by Anton Volchenkov.
11:39 of 3rd period - Shot by Scott Hannan.
11:39 of 3rd period - Shot Blocked by Eric Staal.
11:41 of 3rd period - Shot by Teddy Purcell.
11:41 of 3rd period - Shot Blocked by Alec Martinez.
11:43 of 3rd period - Shot by Maxime Talbot.
11:43 of 3rd period - Stopped by Robin Lehner without a rebound.
11:44 of 3rd period - Henrik Sedin wins face-off versus Sidney Crosby in Senators zone.
11:52 of 3rd period - Martin St. Louis is hit by Andrej Meszaros.
12:01 of 3rd period - Sidney Crosby is hit by Andrej Meszaros and loses puck.
13:14 of 3rd period - Shot by David Schlemko.
13:14 of 3rd period - Shot Blocked by Jan Hejda.
13:30 of 3rd period - Off-side.
13:31 of 3rd period - Sidney Crosby wins face-off versus Curtis Glencross in neutral zone.
14:01 of 3rd period - Gustav Nyquist is hit by Erik Gudbranson and loses puck.
14:48 of 3rd period - Shot by Jared Cowen.
14:48 of 3rd period - Shot Misses the Net.
14:50 of 3rd period - Shot by Eric Staal.
14:50 of 3rd period - Stopped by Jaroslav Halak without a rebound.
14:51 of 3rd period - Maxim Lapierre wins face-off versus Eric Staal in Lightning zone.
15:07 of 3rd period - Shot by Maxime Talbot.
15:07 of 3rd period - Stopped by Robin Lehner with a rebound.
15:20 of 3rd period - Eric Staal is hit by Maxim Lapierre and loses puck.
16:54 of 3rd period - Shot by Patrick Kane.
16:54 of 3rd period - Shot Misses the Net.
17:01 of 3rd period - Off-side.
17:02 of 3rd period - Patrick Sharp wins face-off versus Tomas Plekanec in neutral zone.
17:13 of 3rd period - Shot by Patrick Sharp.
17:13 of 3rd period - Shot Blocked by Scott Hannan.
17:31 of 3rd period - Shot by Tomas Plekanec.
17:31 of 3rd period - Shot Blocked by Mark Stone.
18:21 of 3rd period - Icing by Andrej Sekera.
18:22 of 3rd period - Brad Richards wins face-off versus Sidney Crosby in Lightning zone.
18:22 of 3rd period - Andrej Sekera is hit by Martin St. Louis and loses puck.
18:39 of 3rd period - Martin St. Louis is hit by Andrej Sekera and loses puck.
18:46 of 3rd period - Shot by Gustav Nyquist.
18:46 of 3rd period - Stopped by Jaroslav Halak without a rebound.
18:47 of 3rd period - Eric Staal wins face-off versus Henrik Sedin in Lightning zone.
19:02 of 3rd period - Senators, Robin Lehner is pulled from the net.
19:17 of 3rd period - Shot by Patrick Sharp.
19:17 of 3rd period - Shot Blocked by Erik Gudbranson.
19:23 of 3rd period - Shot by Pavel Datsyuk.
19:23 of 3rd period - Deflect By Eric Staal.
19:23 of 3rd period - Stopped by Jaroslav Halak without a rebound.
19:24 of 3rd period - Sidney Crosby wins face-off versus Maxime Talbot in Lightning zone.
19:26 of 3rd period - Marc Staal is hit by Erik Gudbranson and loses puck.
19:44 of 3rd period - Alec Martinez is hit by Jason Chimera and loses puck.
19:59 of 3rd period - Shot by Maxime Talbot.
19:59 of 3rd period - Goal by Maxime Talbot - Lightning : 4 - Senators : 2.
19:59 of 3rd period - Robin Lehner from Senators was sent back in the game.
Goals for this period are 1 for Lightning vs 0 for Senators.
Shots for this period are 7 for Lightning vs 8 for Senators.


Output by the SimonT Hockey Simulator (STHS) for Stephane Roy -- Original Page W3C XHTML 1.0 Valid
Hockey Simulator - Hockey Simulation - Hockey Manager